 Dungeon Crawl Stone Soup version 0.16.1-28-gcc2312f (webtiles) character file.

918 CcS the Spear-Bearer (level 7, -2/60 HPs)
             Began as a Minotaur Monk on May 26, 2015.
             Slain by a killer bee (8 damage)
             ... on level 4 of the Dungeon.
             The game lasted 00:04:44 (3501 turns).

CcS the Spear-Bearer (Minotaur Monk)                Turns: 3501, Time: 00:04:44

Health: -2/60      AC:  4    Str: 15    XL:     7   Next: 83%
Magic:  3/3        EV: 13    Int:  7    God:
Gold:   180        SH:  0    Dex: 15    Spells: 0 memorised, 6 levels left

rFire  . . .     SeeInvis .     o - +0 halberd (chop)
rCold  . . .     Clarity  .     h - +0 leather armour
rNeg   . . .     SustAb   .     (no shield)
rPois  .         Gourm    .     (helmet restricted)
rElec  .         Spirit   .     d - +0 cloak
rCorr  .         Warding  .     (no gloves)
rMut   .         Stasis   .     (no boots)
MR     .....                    (no amulet)
Stlth  ++........               (no ring)
                                (no ring)

@: lethally poisoned (-2 -> -21), not resistant to hostile enchantments,
unstealthy
A: retaliatory headbutt, horns 2
a: no special abilities


You were on level 4 of the Dungeon.
You were not hungry.

You visited 1 branch of the dungeon, and saw 5 of its levels.

You collected 180 gold pieces.

Inventory:

Hand weapons
 c - a +0 halberd
 o - a +0 halberd of chopping (weapon)
Armour
 a - a +0 robe
 d - a +0 cloak (worn)
 h - a +0 leather armour (worn)
 i - a +0 ring mail
Jewellery
 k - an uncursed amulet of stasis
 q - an uncursed amulet of stasis
Scrolls
 e - 4 scrolls of identify {unknown}
 g - a scroll of teleportation {unknown}
 l - a scroll of remove curse {unknown}
 m - a scroll of magic mapping {unknown}
 p - a scroll of recharging {unknown}
 t - a scroll of immolation {unknown}
 v - a scroll of blinking {unknown}
 w - a scroll of fog {unknown}
Potions
 f - a potion of agility {unknown}
 r - a potion of might {unknown}
 s - a potion of lignification {unknown}
 u - a potion of restore abilities
 z - a potion of curing {unknown}
 A - a potion of resistance {unknown}
 B - a potion of flight {unknown}
Comestibles
 b - 3 bread rations
 j - 2 meat rations
 n - a beef jerky
 x - 4 fruits
 C - a chunk of flesh


   Skills:
 - Level 4.6 Fighting
 - Level 10.0 Polearms
 + Level 1.7 Armour
 - Level 3.2 Dodging
 - Level 1.5 Stealth
 - Level 4.3 Unarmed Combat


You had 6 spell levels left.
You didn't know any spells.

Dungeon Overview and Level Annotations

Branches:
Dungeon (5/15)
 Temple: D:4-7

Altars:
Elyvilon
Zin
The Shining One


Innate Abilities, Weirdness & Mutations

You reflexively headbutt those who attack you in melee.
You have a pair of horns on your head.


Message History

You are more poisoned.
The killer bee poisons you! The killer bee barely misses you.
The killer bee barely misses you.
You feel sick. The killer bee closely misses you. The killer bee stings you.
* * * LOW HITPOINT WARNING * * *
You are more poisoned.
The killer bee poisons you! The killer bee barely misses you.
* * * LOW HITPOINT WARNING * * *
You feel sick. The killer bee barely misses you.
The killer bee closely misses you.
* * * LOW HITPOINT WARNING * * *
You feel sick. The killer bee closely misses you. You furiously retaliate!
You headbutt the killer bee.
Drink which item? (? for menu, Esc to quit)
It was a potion of restore abilities.
You feel refreshed.
* * * LOW HITPOINT WARNING * * *
You feel sick. The killer bee barely misses you. The killer bee stings you.
* * * LOW HITPOINT WARNING * * *
The killer bee stings you!
You die...

............# #.........#
#[...
#####....##.###.........#
####. #
####.##...#.........# ##..
#..†.#...........######..#
####..#..........##.....##
#.......>.....#..######
##.##...y.[......#######
####..##.y###..###.##...##.
#....####y@.#..<........##.
#######.####
##..#.###.###...##.
........# ####.........#
###.##. ........#
##.....#....### #.##.
.......####..#...###...##
#....
.....†.#........).###.).#
##... .......#..........#
#...# ###...
..##..............# ##..#
#..... ..##..<#........>.#
##<####.#..#


You could see 2 killer bees.

Vanquished Creatures
  A wyvern (D:3)
  The ghost of Dustman the Skirmisher, an average HuWn of Nemelex Xobeh (D:3)
  2 ogres (D:4)
  A centaur (D:4)
  A hound (D:4)
  An orc wizard (D:3)
  3 worker ants
  3 adders (D:2)
  16 gnolls
  2 giant mites (D:3)
  A worm (D:2)
  A giant gecko (D:4)
  3 orcs (D:3)
  2 giant cockroaches
  4 hobgoblins
  7 jackals
  8 kobolds
  11 bats
  3 giant newts
  7 goblins
  11 rats
89 creatures vanquished.

Notes
Turn   | Place    | Note
--------------------------------------------------------------
     0 | D:1      | CcS, the Minotaur Monk, began the quest for the Orb.
     0 | D:1      | Reached XP level 1. HP: 19/19 MP: 1/1
   307 | D:1      | Reached XP level 2. HP: 25/28 MP: 1/1
   481 | D:1      | Reached skill level 1 in Polearms
   862 | D:2      | Reached XP level 3. HP: 27/34 MP: 2/2
   909 | D:2      | Found a glowing silver altar of Zin.
   909 | D:2      | Found a white marble altar of Elyvilon.
   909 | D:2      | Found a glowing golden altar of the Shining One.
  1610 | D:2      | Reached XP level 4. HP: 36/41 MP: 2/2
  2056 | D:3      | Reached skill level 5 in Polearms
  2056 | D:3      | Reached XP level 5. HP: 40/47 MP: 2/2
  2106 | D:3      | Noticed Dustman's ghost (average HuWn)
  2113 | D:3      | Killed Dustman's ghost
  2113 | D:3      | Reached skill level 6 in Polearms
  2113 | D:3      | Reached XP level 6. HP: 22/53 MP: 3/3
  2523 | D:3      | Reached skill level 7 in Polearms
  2903 | D:4      | Noticed a wyvern
  2907 | D:4      | Reached skill level 8 in Polearms
  2919 | D:3      | Killed a wyvern
  2919 | D:3      | Reached skill level 9 in Polearms
  2919 | D:3      | Reached XP level 7. HP: 28/60 MP: 3/3
  3213 | D:4      | Reached skill level 10 in Polearms
  3406 | D:4      | Reached skill level 1 in Armour
  3492 | D:5      | Entered Level 5 of the Dungeon
  3501 | D:4      | Slain by a killer bee

Action                   |  1- 3 |  4- 6 |  7- 9 || total
-------------------------+-------+-------+-------++-------
Melee: Unarmed           |    14 |       |       ||    14
       Halberd           |    73 |   100 |    45 ||   218
  Use: Potion            |       |     2 |     1 ||     3
 Stab: Sleeping          |     3 |     2 |       ||     5
  Eat: Chunk             |     2 |     3 |     3 ||     8
